 Dungeon Crawl Stone Soup version 0.14.2 (webtiles) character file.

298 Amnesiac the Ducker (level 5, -1/26 HPs)
             Began as a Spriggan Artificer on Feb 9, 2018.
             Slain by a human zombie (6 damage)
             ... in an ossuary.
             The game lasted 00:07:36 (4261 turns).

Amnesiac the Ducker (Spriggan Artificer)            Turns: 4261, Time: 00:07:36

HP  -1/26        AC  2     Str  7      XL: 5   Next: 66%
MP  14/14        EV 22     Int 14      God:
Gold 76          SH  0     Dex 17      Spells:  0 memorised,  4 levels left

rFire  . . .     SeeInvis +     a - +0 short sword
rCold  . . .     Clarity  .     e - +0 robe
rNeg   . . .     Conserve .     (shield restricted)
rPois  .         rCorr    +     (helmet restricted)
rElec  .         rRot     .     (no cloak)
SustAb + .       Spirit   .     (gloves unavailable)
rMut   .         Warding  .     (boots unavailable)
Saprov . . .     Stasis   .     m - amulet of resist corrosion {unknown}
MR     .....                    (no ring)
                                t - ring of sustain abilities {unknown}

@: very quick, not resistant to hostile enchantments, stealthy
A: unfitting armour, see invisible, herbivore 3, speed 3, slow metabolism 2
a: no special abilities


You were in an ossuary.
You were very full.

You visited 1 branch of the dungeon, and saw 4 of its levels.
You also visited: Ossuary.

You collected 76 gold pieces.

Inventory:

Hand weapons
 a - a +0,+0 short sword (weapon)
Missiles
 h - 22 darts (quivered)
 q - 41 poisoned needles
Armour
 e - a +0 robe (worn)
Magical devices
 b - a wand of flame (4)
 c - a wand of enslavement (15)
 d - a wand of random effects (0)
Comestibles
 r - a bread ration
 s - 2 chokos
Scrolls
 g - 3 scrolls of immolation {!r, unknown}
 j - 3 scrolls of identify {!r, unknown}
 l - a scroll of magic mapping {!r, unknown}
 n - 2 scrolls of noise {!r, unknown}
 o - 4 scrolls of teleportation {!r, unknown}
 u - a scroll of recharging {!r, unknown}
 v - a scroll of enchant weapon II {!r, unknown}
 w - 2 scrolls of remove curse {!r, unknown}
Jewellery
 m - an amulet of resist corrosion (around neck) {unknown}
 t - a ring of sustain abilities (left hand) {unknown}
Potions
 i - 2 potions of invisibility {!q, unknown}
 k - a potion of mutation {!q, unknown}
 p - 2 potions of brilliance {!q, unknown}
 z - a potion of restore abilities {!q, unknown}


   Skills:
 - Level 2.0 Fighting
 - Level 2.0 Short Blades
 - Level 6.2 Dodging
 - Level 3.0 Stealth
 + Level 5.3 Evocations


You had 4 spell levels left.
You didn't know any spells.

Dungeon Overview and Level Annotations

Branches:
Dungeon (4/15)
 Temple: D:4-7

Altars:
Zin


Innate Abilities, Weirdness & Mutations

You are tiny and cannot use many weapons and most armour.
You have supernaturally acute eyesight.
You are a herbivore.
You cover ground extremely quickly.
You need consume almost no food.


Message History

You closely miss the human zombie. You hit the human zombie.
The human zombie hits you but does no damage.
You hit the human zombie. The human zombie hits you.
* * * LOW HITPOINT WARNING * * *
Press: ? - help, v - describe, . - travel The floor.
There is an open door here.
You close the door.
You start resting.
You start resting.
You start resting.
HP restored.
You open the door.
The human zombie is too close now for your liking.
There is an open door here.
A human zombie is nearby!
You hit the human zombie. You closely miss the human zombie.
The human zombie closely misses you.
You hit the human zombie. The human zombie closely misses you.
You hit the human zombie but do no damage.
The human zombie completely misses you.
You hit the human zombie but do no damage.
The human zombie hits you.
You barely miss the human zombie. You hit the human zombie.
The human zombie hits you.
You closely miss the human zombie. The human zombie closely misses you.
You hit the human zombie. The human zombie hits you.
* * * LOW HITPOINT WARNING * * *
You hit the human zombie but do no damage.
The human zombie barely misses you.
You barely miss the human zombie.
You hit the human zombie but do no damage.
The human zombie barely misses you.
You hit the human zombie. The human zombie hits you!
* * * LOW HITPOINT WARNING * * *
You are too injured to fight recklessly!
There is an open door here.
Evoke which item? (* to show all) (? for menu, Esc to quit)
Zapping:
b - a wand of flame (8)
Press: ? - help, Shift-Dir - straight line, f - human zombie
Aim: a human zombie The puff of flame hits the human zombie.
This wand has 7 charges left.
Evoke which item? (* to show all) (? for menu, Esc to quit)
Zapping:
b - a wand of flame (7)
Press: ? - help, Shift-Dir - straight line, f/p - human zombie
Aim: a human zombie The puff of flame hits the human zombie.
This wand has 6 charges left.
The human zombie hits you.
* * * LOW HITPOINT WARNING * * *
Evoke which item? (* to show all) (? for menu, Esc to quit)
Zapping:
b - a wand of flame (6)
Press: ? - help, Shift-Dir - straight line, f/p - human zombie
Aim: a human zombie The puff of flame misses the human zombie.
This wand has 5 charges left.
Evoke which item? (* to show all) (? for menu, Esc to quit)
Zapping:
b - a wand of flame (5)
Press: ? - help, Shift-Dir - straight line, f/p - human zombie
Aim: a human zombie The puff of flame hits the human zombie.
This wand has 4 charges left.
The human zombie hits you.
You die...

#..## ##..## #..# #z.#
#∩.# #.z# #.z# ####z.#
#..# ...#..# #∩z#
#..#..# . #..# #..#..#
z# #..## #.##..## ..#
#...###@#....# .(#
#...#..z#....# ...#
#...##.##....## #...#
#....#'#......###(...#
#............(((.(...#
#...........(........#
######################


You could see a human zombie.

Vanquished Creatures
  An orc wizard (D:3)
  An iguana (D:4)
  Ijyb (D:3)
  3 gnolls (D:2)
  2 adders (D:2)
  An adder zombie (Ossuary)
  6 giant geckos
  An ooze (D:3)
  6 orcs
  2 ball pythons
  A bat skeleton (D:4)
  5 giant cockroaches
  7 hobgoblins
  10 kobolds
  9 bats
  4 giant newts
  3 goblins
  3 goblin zombies (Ossuary)
  A hobgoblin skeleton (D:4)
  A hobgoblin zombie (Ossuary)
  6 jackals
  2 jackal zombies (Ossuary)
  A kobold zombie (Ossuary)
  4 quokka zombies (Ossuary)
  13 rats
94 creatures vanquished.

Notes
Turn   | Place    | Note
--------------------------------------------------------------
     0 | D:1      | Amnesiac, the Spriggan Artificer, began the quest for the Orb.
     0 | D:1      | Reached XP level 1. HP: 9/9 MP: 2/2
   192 | D:1      | Reached skill level 1 in Fighting
   395 | D:1      | Reached XP level 2. HP: 12/14 MP: 5/5
   964 | D:2      | Reached XP level 3. HP: 12/18 MP: 8/8
  1504 | D:2      | Reached XP level 4. HP: 21/23 MP: 10/10
  2112 | D:3      | Noticed Ijyb
  2126 | D:3      | Killed Ijyb
  2126 | D:3      | Reached skill level 5 in Dodging
  2671 | D:3      | Found a glowing silver altar of Zin.
  3039 | D:3      | Reached skill level 6 in Dodging
  3039 | D:3      | Reached XP level 5. HP: 26/26 MP: 13/13
  3364 | D:4      | Reached skill level 5 in Evocations
  3382 | D:4      | Found a sand-covered staircase.
  3463 | Ossuary  | Entered an ossuary
  4261 | Ossuary  | Slain by a human zombie

Action                   |  1- 3 |  4- 6 || total
-------------------------+-------+-------++-------
Melee: Short sword       |    94 |   298 ||   392
Throw: Dart              |       |     8 ||     8
Evoke: Wand              |    10 |    16 ||    26
  Use: Potion            |       |     1 ||     1
 Stab: Sleeping          |     2 |     9 ||    11
       Paralysed         |     3 |       ||     3
       Distracted        |       |     1 ||     1
